 Dungeon Sprint DCSS version 0.29.1-2-gbd0b4ee654 (webtiles) character file.

Game seed: 117403178504808825

5536 Groucho the Unseen (level 10, -27/57 HPs)
             Began as a Spriggan Enchanter on Nov 21, 2022.
             Was a Priest of Dithmenos.
             Killed from afar by a hell hog (46 damage)
             ... with a fireball
             ... in the Dungeon (Sprint II: "The Violet Keep of Menkaure").
             The game lasted 00:05:16 (879 turns).

Groucho the Unseen (Spriggan Enchanter)              Turns: 879, Time: 00:05:17

Health: -27/57     AC:  2    Str:  8    XL:     10   Next: 43%
Magic:  22/27      EV: 26    Int: 17    God:    Dithmenos [***...]
Gold:   1035       SH:  0    Dex: 16    Spells: 23/34 levels left

rFire   . . .      SeeInvis +   a - +1 dagger
rCold   . . .      Faith    .   (no shield)
rNeg    . . .      Spirit   .   b - +0 robe
rPois   .          Reflect  .   (helmet restricted)
rElec   .          Harm     .   (no cloak)
rCorr   .          Rampage  .   (gloves unavailable)
Will    +....      NoTele   +   (boots unavailable)
Stlth   +++++++++.              (no amulet)
HPRegen 0.19/turn               e - ring of flight
MPRegen 0.20/turn               (no ring)

@: flying, wreathed by umbra, very quick
A: very small, no large weapons, unfitting armour, see invisible, speed 3
a: Renounce Religion, Shadow Step


You were in the Dungeon.
You worshipped Dithmenos.
Dithmenos was most pleased with you.
You visited 1 branch You collected 1227 gold pieces.
You spent 192 gold pieces at shops.

Inventory:

Hand Weapons
 a - a +1 dagger (weapon)
Armour
 b - a +0 robe (worn)
Jewellery
 e - a ring of flight (left hand)
Scrolls
 i - a scroll of blinking
Potions
 d - a potion of curing
 g - 2 potions of magic


   Skills:
 + Level 8.7 Fighting
 - Level 10.0 Short Blades
 + Level 13.6 Dodging
 - Level 16.0 Stealth
 + Level 12.5 Spellcasting
 + Level 4.3 Conjurations
 + Level 12.7 Hexes


You had 23 spell levels left.
You knew the following spells:

 Your Spells              Type           Power      Damage    Failure   Level
a - Ensorcelled Hibernat  Hex/Ice        64%        N/A       1%          2
b - Confusing Touch       Hex            52%        N/A       1%          3
c - Dazzling Flash        Conj/Hex       78%        N/A       1%          3
d - Tukima's Dance        Hex            52%        N/A       1%          3

Your spell library contained the following spells:

 Spells                   Type           Power      Damage    Failure   Level


Dungeon Overview and Level Annotations

Branches:
Dungeon (1/1)

Altars:
Cheibriados
Dithmenos
Elyvilon
Fedhas
Gozag
Hepliaklqana
Kikubaaqudgha
Makhleb
Nemelex Xobeh
Okawaru
Qazlal
Ru
Sif Muna
Trog
Uskayaw
Vehumet
Wu Jian
Xom
Yredelemnul
Zin
The Shining One
Jiyva
Lugonu

Shops:
D :((=?!=[=:!*?[*

Annotations:
D exclusion: oklob plant


Innate Abilities, Weirdness & Mutations

You are very small and have problems with some larger weapons.
You are too small for most types of armour.
You have supernaturally acute eyesight. (SInv)
You cover ground extremely quickly. (Speed+++)


Message History

Dithmenos accepts your kill.
You will now sometimes bleed smoke when heavily injured by enemies.
Your Dodging skill increases to level 13!
Your Spellcasting skill increases to level 12!
Your Conjurations skill increases to level 4!
Unknown command.
Unknown command.
Things that are here:
a +0 longbow; a +0 leather armour; an elf corpse You reach down and open the door. 2 hell hogs come into view.
The hell hog squeals angrily. x2
Found a falchion and 81 gold pieces.
Casting: Ensorcelled Hibernation (safe; 1% risk of failure)
Confirm with . or Enter, or press ? or * to list all spells.
Aiming: Ensorcelled Hibernation (safe; 1% risk of failure)
Press: ? - help, Shift-Dir - straight line, f - hell hog
Aim: a hell hog (umbra, chance to affect: 44%)
The hell hog looks drowsy...
The hell hog breathes fire at you.
The fireball explodes!
The fireball engulfs the hell hog.
The hell hog completely resists.
The fireball engulfs the hell hog.
The hell hog completely resists.
The fireball engulfs you!!!
Ouch! That really hurt!
You emit a cloud of dark smoke.
Unknown command.
Casting: Ensorcelled Hibernation (safe; 1% risk of failure)
Confirm with . or Enter, or press ? or * to list all spells.
Casting: Dazzling Flash (safe; 1% risk of failure)
Press: ? - help, Dir - look around, f - activate The hell hog is dazzled. x2; The hell hog closely misses you.
Unknown command.
Unknown command.
Unknown command.
Unknown command.
Okay, then.
The hell hog breathes fire at you.
The fireball explodes!
The fireball engulfs you!!!
Ouch! That really hurt!
You die...

##++## # ##≈...### ~## #)≈§§^..#
~~#+++ ++ ####h§§.# ~~... ..
#.§§h@§.# ~~~.##+ ..#$.####^#
~~~##.####.####.)'.### ~~~#.##..#
...#..#...####
~####...####..#####..##)# (!)
##.###'###.##..#..'..#.†#▓[$)[!)
#...##.##...#..#.†#..#†.#▓$)!)()[
'##.'.<.'###'..####..##.#▓!!!$$$)
#...##.##...#....###...##▓▓▓▓▓▓▓+


You could see 2 hell hogs.

Vanquished Creatures
  A deep elf master archer (D)
  2 boulder beetles (D)
  A death yak (D)
  A yaktaur (D)
  3 polar bears (D)
  A hornet (D)
  Menkaure (D)
  4 neqoxecs (D)
  2 water moccasins (D)
  3 black bears (D)
  4 necrophages (D)
  4 scorpions (D)
27 creatures vanquished.

Notes
Turn   | Place    | Note
-------+----------+-------------------------------------------
     0 | D        | Groucho the Spriggan Enchanter began the quest for the Orb.
     0 | D        | Reached XP level 1. HP: 9/9 MP: 5/5
     1 | D        | Noticed a necrophage
     1 | D        | Noticed a necrophage
     1 | D        | Noticed a necrophage
     1 | D        | Noticed a necrophage
     8 | D        | Killed a necrophage
     9 | D        | Reached skill level 7 in Stealth
     9 | D        | Reached skill level 5 in Hexes
     9 | D        | Reached XP level 2. HP: 15/15 MP: 6/8
     9 | D        | Reached XP level 3. HP: 18/18 MP: 6/9
    18 | D        | Killed a necrophage
    19 | D        | Reached skill level 5 in Dodging
    19 | D        | Reached skill level 9 in Stealth
    19 | D        | Reached skill level 5 in Spellcasting
    19 | D        | Reached XP level 4. HP: 23/23 MP: 7/12
    36 | D        | Killed a necrophage
    37 | D        | Reached skill level 10 in Stealth
    37 | D        | Reached XP level 5. HP: 4/28 MP: 10/14
    46 | D        | Reached skill level 5 in Short Blades
    46 | D        | Reached skill level 11 in Stealth
    53 | D        | Noticed a neqoxec
    53 | D        | Noticed a neqoxec
    53 | D        | Noticed a neqoxec
    53 | D        | Noticed a neqoxec
    55 | D        | Killed a neqoxec
    56 | D        | Reached skill level 12 in Stealth
    56 | D        | Reached XP level 6. HP: 27/33 MP: 12/16
    57 | D        | Killed a neqoxec
    59 | D        | Killed a neqoxec
    60 | D        | Reached skill level 13 in Stealth
    60 | D        | Reached XP level 7. HP: 32/38 MP: 14/19
    61 | D        | Killed a neqoxec
    62 | D        | Reached skill level 5 in Fighting
    62 | D        | Reached skill level 14 in Stealth
    68 | D        | Noticed a boulder beetle
    68 | D        | Noticed a boulder beetle
    71 | D        | Killed a boulder beetle
    72 | D        | Reached skill level 15 in Stealth
    72 | D        | Reached XP level 8. HP: 38/44 MP: 14/21
    74 | D        | Killed a boulder beetle
    75 | D        | Reached skill level 10 in Dodging
    75 | D        | Reached skill level 16 in Stealth
    75 | D        | Reached skill level 10 in Hexes
    80 | D        | Learned a level 2 spell: Ensorcelled Hibernation
    85 | D        | Reached XP level 9. HP: 43/49 MP: 10/23
    90 | D        | Learned a level 3 spell: Confusing Touch
    95 | D        | Learned a level 3 spell: Dazzling Flash
    99 | D        | Learned a level 3 spell: Tukima's Dance
   100 | D        | Noticed Menkaure
   109 | D        | Found an iron altar of Okawaru.
   109 | D        | Found a radiant altar of Vehumet.
   110 | D        | Killed Menkaure
   111 | D        | Reached skill level 10 in Spellcasting
   697 | D        | Found Ruinise's Assorted Antiques.
   697 | D        | Found Boabio's Antique Armour Boutique.
   697 | D        | Found Deatir's Distillery.
   698 | D        | Found Cenas's General Store.
   698 | D        | Found Livviv's Book Shop.
   698 | D        | Found Rinumegg's Jewellery Boutique.
   698 | D        | Found Xorinko's Antique Armour Shop.
   698 | D        | Found Fiownesisk's Jewellery Boutique.
   699 | D        | Found Bainnet's Magic Scroll Shop.
   699 | D        | Found Uphics's Distillery.
   699 | D        | Found Aziroo's Magic Scroll Boutique.
   699 | D        | Found Diquez's Jewellery Shop.
   699 | D        | Noticed a polar bear
   706 | D        | Noticed a polar bear
   707 | D        | Found Qoimit's Weapon Boutique.
   707 | D        | Found Osaetela's Antique Weapon Shop.
   707 | D        | Noticed an oklob plant
   707 | D        | Noticed a shining eye
   708 | D        | Found Zeuqeug's Book Shoppe.
   708 | D        | Noticed a shining eye
   709 | D        | Noticed a shining eye
   720 | D        | Bought a ring of flight for 192 gold pieces
   732 | D        | Noticed an ice dragon
   791 | D        | Found a glowing silver altar of Zin.
   792 | D        | Found a sparkling altar of Nemelex Xobeh.
   792 | D        | Found a hide-covered altar of Uskayaw.
   792 | D        | Found a basalt altar of Yredelemnul.
   793 | D        | Found an opulent altar of Gozag.
   793 | D        | Found a burning altar of Makhleb.
   793 | D        | Found a bloodstained altar of Trog.
   794 | D        | Found a blossoming altar of Fedhas.
   794 | D        | Found a corrupted altar of Lugonu.
   794 | D        | Found a shimmering blue altar of Sif Muna.
   795 | D        | Found a white marble altar of Elyvilon.
   795 | D        | Found an ancient bone altar of Kikubaaqudgha.
   796 | D        | Found a shadowy altar of Dithmenos.
   796 | D        | Found a viscous altar of Jiyva.
   797 | D        | Found a snail-covered altar of Cheibriados.
   800 | D        | Found a shimmering altar of Xom.
   800 | D        | Found a sacrificial altar of Ru.
   800 | D        | Found a hazy altar of Hepliaklqana.
   800 | D        | Noticed a polar bear
   801 | D        | Found a glowing golden altar of the Shining One.
   801 | D        | Found an ornate altar of the Wu Jian Council.
   801 | D        | Found a stormy altar of Qazlal.
   801 | D        | Noticed a yaktaur
   806 | D        | Became a worshipper of Dithmenos the Shadowed
   815 | D        | Noticed a polar bear
   815 | D        | Noticed a polar bear
   816 | D        | Killed a polar bear
   817 | D        | Reached skill level 1 in Conjurations
   817 | D        | Killed a polar bear
   819 | D        | Killed a polar bear
   819 | D        | Reached * piety under Dithmenos
   821 | D        | Reached skill level 10 in Short Blades
   822 | D        | Killed a yaktaur
   837 | D        | Reached ** piety under Dithmenos
   848 | D        | Noticed a death yak
   850 | D        | Killed a death yak
   851 | D        | Reached XP level 10. HP: 56/56 MP: 26/26
   866 | D        | Noticed a deep elf master archer
   869 | D        | Killed a deep elf master archer
   869 | D        | Reached *** piety under Dithmenos
   876 | D        | Noticed a hell hog
   876 | D        | Noticed a hell hog
   879 | D        | Killed from afar by a hell hog

Illustrated notes

Levels and vault maps discovered:
D:        the_violet_keep_of_menkaure [sprint2_stairs_cluster_1,
          sprint2_shoproom, sprint2_temple, sprint2_basic_supplies,
          sprint2_obstacle_3, sprint2_obstacle_5, sprint2_obstacle_7,
          sprint2_obstacle_1, sprint2_obstacle_6, sprint2_timed_cluster_1,
          sprint2_smallroom_cluster_1, sprint2_smallroom_final_cluster_1,
          sprint2_transparent_cluster_1, sprint2_second_timed_cluster_1,
          sprint2_sniper_area_1, sprint2_heavy_combat_area_1,
          sprint2_mutation_trap_area_1, sprint2_forest_area_1,
          sprint2_light_combat_area_1, sprint2_behind_water_1,
          sprint2_near_end_vault_1]

Skill      XL: |  1  2  3  4  5  6  7  8  9 10 |
---------------+-------------------------------+-----
Fighting       | 2 3 4 5 6 8 |  8.7
Short Blades   | 3 4 5 6 7 8 10 | 10.0
Dodging        | 4 5 6 7 8 9 10 12 13 | 13.6
Stealth        | 7 9 10 12 13 15 16 | 16.0
Spellcasting   | 4 5 6 7 8 9 11 12 | 12.5
Hexes          | 5 6 7 8 9 10 12 | 12.7
Conjurations   | 3 4 |  4.3

Action                   |  1- 3 |  4- 6 |  7- 9 | 10-12 || total
-------------------------+-------+-------+-------+-------++-------
Melee: Dagger            |    15 |    26 |    27 |     1 ||    69
 Cast: Ensorcelled Hiber |       |       |    14 |     1 ||    15
       Confusing Touch   |       |       |     1 |       ||     1
       Dazzling Flash    |       |       |       |     1 ||     1
  Use: Potion            |     1 |     3 |     1 |       ||     5
 Stab: Invisible         |       |     4 |       |       ||     4
       Sleeping          |       |     3 |    18 |     1 ||    22
       Confused          |       |       |     1 |       ||     1
Armor: Robe              |       |     1 |       |       ||     1
Dodge: Dodged            |     5 |    15 |    11 |     1 ||    32
